 Dungeon Sprint DCSS version 0.30.0-2-g1aa4bd4387 (webtiles) character file.

Game seed: 13735249783207183222

598 Groucho the Imperceptible (level 7, -9/37 HPs)
             Began as a Felid Berserker on May 7, 2023.
             Was an Elder of Trog.
             Mangled by a tentacle (16 damage)
             ... attached to a kraken
             ... in the Dungeon (Sprint II: "The Violet Keep of Menkaure").
             The game lasted 00:04:23 (897 turns).

Groucho the Imperceptible (Felid Berserker)          Turns: 897, Time: 00:04:23

Health: -9/37      AC:  2    Str: 13    XL:     7   Next: 17%
Magic:  8/8        EV: 35    Int:  9    God:    Trog [****..]
Gold:   330        SH:  0    Dex: 19    Spells: 6/6 levels left
                                        Lives:  0   Deaths: 2

rFire   . .          .
                       - Unarmed
rCold   . . .        (shield unavailable)
rNeg    . . .        (body armour unavailable)
rPois   .            (helmet unavailable)
rElec   .            (cloak unavailable)
rCorr   .            (gloves unavailable)
SInv    +            (boots unavailable)
Will    +++..        (no amulet)
Stlth   ++++++++     y - +5 ring of evasion
HPRegen 1.26/turn    i - +5 ring of evasion
MPRegen 0.11/turn

%: no teleportation
@: strong-willed, regenerating, quick
A: very small, claws 1, fangs 3, see invisible, speed 1, shaggy fur 2, stealthy
paws, no weapons or thrown items, no armour, multi-lived
a: Renounce Religion, Berserk, Trog's Hand, Brothers in Arms


You were in the Dungeon.
You worshipped Trog.
Trog was greatly pleased with you.
You visited 1 branch You collected 1138 gold pieces.
You spent 808 gold pieces at shops.

Inventory:

Jewellery
 g - a ring of flight
 h - a ring of poison resistance
 i - a +5 ring of evasion (right paw)
 y - a +5 ring of evasion (left paw)
Scrolls
 b - a scroll of summoning {unknown}
 f - a scroll of immolation {unknown}
 j - a scroll of vulnerability {unknown}
 k - 5 scrolls of identify {unknown}
 l - 2 scrolls of enchant armour {unknown}
 n - a scroll of fog {unknown}
 o - a scroll of magic mapping {unknown}
 q - a scroll of amnesia {unknown}
 r - 2 scrolls of acquirement {unknown}
 v - a scroll of blinking
 x - a scroll of silence {unknown}
Potions
 a - 3 potions of curing
 c - 3 potions of haste
 d - 5 potions of magic
 e - a potion of berserk rage
 m - 3 potions of resistance {unknown}
 p - a potion of cancellation {unknown}
 s - 2 potions of brilliance {unknown}
 t - 3 potions of flight {unknown}
 u - 2 potions of heal wounds
 w - 2 potions of might {unknown}


   Skills:
 + Level 8.4 Fighting
 + Level 10.9 Dodging
 * Level 21.8 Stealth
 + Level 8.3 Unarmed Combat


You had 6 spell levels left.
You didn't know any spells.
Your spell library was empty.

Dungeon Overview and Level Annotations

Branches:
Dungeon (1/1)

Altars:
Cheibriados
Dithmenos
Elyvilon
Fedhas
Gozag
Hepliaklqana
Kikubaaqudgha
Makhleb
Nemelex Xobeh
Okawaru
Qazlal
Ru
Sif Muna
Trog
Uskayaw
Vehumet
Wu Jian
Xom
Yredelemnul
Zin
The Shining One
Jiyva
Lugonu

Shops:
D ::[:=(![(![!?=?

Annotations:
D exclusion: oklob plant


Innate Abilities, Weirdness & Mutations

You have sharp claws.
You have razor-sharp teeth.
You have supernaturally acute eyesight. (SInv)
You cover ground quickly. (Speed+)
You are covered in thick fur. (AC +2)
Your paws help you pounce on unaware monsters.
You are incapable of wielding weapons or throwing items.
You cannot wear armour.
You gain extra lives every three experience levels.


Message History

You scratch the tentacle.
The tentacle is moderately wounded.
The tentacle completely misses you. x2
You claw the tentacle!
The tentacle is heavily wounded.
The tentacle barely misses you.
You claw the tentacle! You bite the tentacle.
The tentacle is severely wounded.
The tentacle barely misses you. The tentacle closely misses you.
You barely miss the tentacle.
The tentacle is severely wounded.
The tentacle closely misses you.
You claw the tentacle! Your bite misses the tentacle.
The tentacle is almost dead.
The tentacle slaps you.
You claw the tentacle!
You kill the tentacle!
The tentacle misses you.
You see here a +0 whip.
You barely miss the tentacle. The tentacle slaps you!
The tentacle completely misses you.
You scratch the tentacle but do no damage.
The tentacle closely misses you.
You scratch the tentacle.
The tentacle is lightly wounded.
The tentacle completely misses you. The tentacle slaps you!
Your skin crawls.
You feel strong-willed. The tentacle closely misses you.
Unknown command.
Unknown command.
You scratch the tentacle.
The tentacle is moderately wounded.
The tentacle slaps you!
* * * LOW HITPOINT WARNING * * *
The tentacle completely misses you.
Unknown command.
Unknown command.
The tentacle slaps you!
You die...

#O##○=▓▓▓▓▓▓▓▓▓▓▓
..#9k#[°▓.:.[:.).▓▓
#.#k○#)=▓.)...(.)▓▓ #
+.##°#}○▓..[(.(..▓▓ #
#..°####▓.[..[.:.▓▓ ##
##°°##)#▓(...().(▓▓ .#
+°°#..#▓......))▓▓ .#
#..#..#▓[.......▓▓
.####..##.#▓[:†.@w..▓▓
...###...##▓▓▓▓▓▓▓\▓▓▓
.....~~~~~~~~~~~~~.──X≈≈▓
.....~#'########+###.w≈≈▓
§~§..~#..._._._#S§§ #≈≈≈▓
~~§~.~#_._._._.#§~≈ ###▓
§§§§~~#._._._._#§§~
§§≈§~~#_._._._.#§~§
≈≈§§≈~#._._._..#~§§


You could see a kraken and 2 tentacles.

Vanquished Creatures
  A merfolk siren (D)
  A yaktaur (D)
  3 polar bears (D)
  A hornet (D)
  2 water moccasins (D)
  2 swamp drakes (D)
  4 necrophages (D)
  4 scorpions (D)
  3 worms (D)
  A tentacle (D)
22 creatures vanquished.

Vanquished Creatures (others)
  Menkaure (D)
  A tentacle (D)
2 creatures vanquished.

Grand Total: 24 creatures vanquished

Notes
Turn   | Place    | Note
-------+----------+-------------------------------------------
     0 | D        | Groucho the Felid Berserker began the quest for the Orb.
     0 | D        | Reached XP level 1. HP: 10/10 MP: 2/2
     6 | D        | Reached skill level 4 in Stealth
    10 | D        | Reached skill level 5 in Stealth
    12 | D        | Reached ** piety under Trog
    13 | D        | Reached skill level 6 in Stealth
    13 | D        | Reached XP level 2. HP: 10/14 MP: 3/3
    18 | D        | Killed Menkaure
   157 | D        | Noticed a necrophage
   157 | D        | Noticed a necrophage
   157 | D        | Noticed a necrophage
   157 | D        | Noticed a necrophage
   166 | D        | Killed a necrophage
   167 | D        | Reached skill level 11 in Stealth
   167 | D        | Reached XP level 3. HP: 17/17 MP: 4/4
   167 | D        | Reached XP level 4. HP: 21/21 MP: 5/5
   174 | D        | Killed a necrophage
   175 | D        | Reached skill level 13 in Stealth
   176 | D        | Killed a necrophage
   177 | D        | Reached skill level 15 in Stealth
   177 | D        | Reached XP level 5. HP: 24/24 MP: 6/6
   184 | D        | Reached *** piety under Trog
   185 | D        | Reached skill level 16 in Stealth
   329 | D        | Noticed a merfolk siren
   332 | D        | Killed a merfolk siren
   333 | D        | Reached skill level 5 in Fighting
   333 | D        | Reached skill level 18 in Stealth
   333 | D        | Reached skill level 5 in Unarmed Combat
   333 | D        | Gained mutation: You are covered in thick fur. (AC +2)
                  | [Felid growth]
   333 | D        | Reached XP level 6. HP: 30/30 MP: 7/7
   333 | D        | Reached XP level 7. HP: 33/33 MP: 8/8
   352 | D        | Reached **** piety under Trog
   356 | D        | Reached skill level 19 in Stealth
   369 | D        | Found Taipehir's Magic Scroll Emporium.
   369 | D        | Found Olineunosm's Magic Scroll Emporium.
   369 | D        | Found Emnuz's Distillery.
   369 | D        | Found Suklega's Jewellery Shoppe.
   369 | D        | Found Moasitukk's Armour Emporium.
   370 | D        | Found Jidouh's Antique Weapon Shoppe.
   370 | D        | Found Eneoxus's Antique Armour Emporium.
   371 | D        | Found Geqa's Antique Weapon Shoppe.
   371 | D        | Found Jawoeqommy's Distillery.
   371 | D        | Found Ahuceh's Distillery.
   371 | D        | Found Toemuin's Jewellery Shoppe.
   402 | D        | Reached XP level 8. HP: 29/39 MP: 9/9
   404 | D        | Found Nula's Book Shoppe.
   404 | D        | Found Guodduq's Antique Armour Emporium.
   404 | D        | Noticed an ice dragon
   404 | D        | Noticed an oklob plant
   405 | D        | Found Osyed's Book Shoppe.
   405 | D        | Found Meden's Book Shoppe.
   409 | D        | Noticed a slime creature
   409 | D        | Noticed a slime creature
   410 | D        | Noticed a flying skull
   410 | D        | Noticed a flying skull
   411 | D        | Noticed a slime creature
   444 | D        | Bought a ring of flight for 192 gold pieces
   444 | D        | Bought a ring of poison resistance for 220 gold pieces
   444 | D        | Bought a +5 ring of evasion for 396 gold pieces
   469 | D        | Found a glowing golden altar of the Shining One.
   469 | D        | Found an ornate altar of the Wu Jian Council.
   470 | D        | Found a shimmering altar of Xom.
   470 | D        | Found a sacrificial altar of Ru.
   471 | D        | Found a basalt altar of Yredelemnul.
   471 | D        | Found a shimmering blue altar of Sif Muna.
   472 | D        | Found a glowing silver altar of Zin.
   472 | D        | Found a bloodstained altar of Trog.
   472 | D        | Found an ancient bone altar of Kikubaaqudgha.
   472 | D        | Found a stormy altar of Qazlal.
   472 | D        | Found a viscous altar of Jiyva.
   473 | D        | Found a hide-covered altar of Uskayaw.
   473 | D        | Found a corrupted altar of Lugonu.
   473 | D        | Found a shadowy altar of Dithmenos.
   474 | D        | Found a radiant altar of Vehumet.
   474 | D        | Found a burning altar of Makhleb.
   474 | D        | Found a white marble altar of Elyvilon.
   475 | D        | Found a sparkling altar of Nemelex Xobeh.
   475 | D        | Found a blossoming altar of Fedhas.
   481 | D        | Found an iron altar of Okawaru.
   481 | D        | Found an opulent altar of Gozag.
   481 | D        | Found a hazy altar of Hepliaklqana.
   481 | D        | Found a snail-covered altar of Cheibriados.
   481 | D        | Noticed a hornet
   481 | D        | Noticed a polar bear
   482 | D        | Noticed a yaktaur
   641 | D        | Noticed a polar bear
   641 | D        | Noticed a polar bear
   642 | D        | Killed a polar bear
   643 | D        | Reached skill level 20 in Stealth
   643 | D        | Killed a polar bear
   643 | D        | Reached ***** piety under Trog
   645 | D        | Killed a polar bear
   646 | D        | Killed a hornet
   647 | D        | Reached skill level 10 in Dodging
   647 | D        | Reached skill level 21 in Stealth
   662 | D        | Killed a yaktaur
   663 | D        | Reached XP level 9. HP: 44/44 MP: 10/10
   683 | D        | Noticed a death drake
   684 | D        | Noticed a death drake
   684 | D        | Noticed a crystal guardian
   688 | D        | Killed from afar by a crystal guardian
   689 | D        | Reached XP level 8. HP: -29/41 MP: 9/9
   734 | D        | Noticed a kraken
   878 | D        | Mangled by a tentacle
   879 | D        | Reached XP level 7. HP: -8/37 MP: 8/8
   897 | D        | Mangled by a tentacle

Illustrated notes

Levels and vault maps discovered:
D:        the_violet_keep_of_menkaure [sprint2_stairs_cluster_1,
          sprint2_shoproom, sprint2_temple, sprint2_basic_supplies,
          sprint2_obstacle_4, sprint2_obstacle_6, sprint2_obstacle_3,
          sprint2_obstacle_1, sprint2_obstacle_2, sprint2_timed_cluster_1,
          sprint2_smallroom_cluster_1, sprint2_smallroom_final_cluster_1,
          sprint2_transparent_cluster_1, sprint2_second_timed_cluster_1,
          sprint2_sniper_area_1, sprint2_heavy_combat_area_1,
          sprint2_mutation_trap_area_1, sprint2_forest_area_1,
          sprint2_light_combat_area_1, sprint2_behind_water_1,
          sprint2_near_end_vault_1]

Skill      XL: |  1  2  3  4  5  6  7  8 |
---------------+-------------------------+-----
Stealth        | 6 11 15 18 19 21 | 21.8
Fighting       | 5 6 8 |  8.4
Dodging        | 6 8 10 | 10.9
Unarmed Combat | 5 6 8 |  8.3

Action                     |  1- 3 |  4- 6 |  7- 9 || total
---------------------------+-------+-------+-------++-------
  Melee: Unarmed           |    15 |    17 |    50 ||    82
         Bite              |     2 |     3 |     5 ||    10
         Punch             |       |       |     1 ||     1
 Invoke: Berserk           |     2 |       |     1 ||     3
         Trog's Hand       |       |       |     3 ||     3
         Brothers in Arms  |       |       |     1 ||     1
    Use: Potion            |       |       |     1 ||     1
         Scroll            |       |       |     1 ||     1
   Stab: Sleeping          |       |     1 |    10 ||    11
         Distracted        |       |       |     1 ||     1
 Armour: Skin              |     1 |     1 |       ||     2
  Dodge: Dodged            |     7 |     7 |    56 ||    70
